 Dungeon Crawl Stone Soup version 0.28.0-53-g5a82cb258f (webtiles) character file.

Game seed: 6363714890917300072

59 blargh the Slasher (level 3, -5/33 HPs)
             Began as a Minotaur Berserker on Aug 18, 2022.
             Was a Believer of Trog.
             Slain by a gnoll
             ... wielding a +0 halberd
              (10 damage)
             ... on level 2 of the Dungeon.
             The game lasted 00:09:59 (1086 turns).

blargh the Slasher (Minotaur Berserker)             Turns: 1086, Time: 00:09:59

Health: -5/33      AC:  6    Str: 22 (23) XL:     3   Next: 78%
Magic:  2/2        EV: 10    Int:  3 (4)  God:    Trog [**....]
Gold:   69         SH:  0    Dex:  6 (9)  Spells: 2/2 levels left

rFire   . . .      SeeInvis .   a - +0 falchion
rCold   . . .      Faith    .   (no shield)
rNeg    . . .      Spirit   .   k - +0 scale mail
rPois   .          Reflect  .   (helmet restricted)
rElec   .          Harm     .   (no cloak)
rCorr   .          Rampage  .   (no gloves)
Will    .....                   (no boots)
Stlth   ..........              (no amulet)
HPRegen 0.11/turn               (no ring)
MPRegen 0.08/turn               (no ring)

@: no status effects
A: horns 2, retaliatory headbutt
a: Renounce Religion, Berserk, Trog's Hand


You were on level 2 of the Dungeon.
You worshipped Trog.
Trog was pleased with you.
You visited 1 branch of the dungeon, and saw 2 of its levels.

You collected 69 gold pieces.

Inventory:

Hand Weapons
 a - a +0 falchion (weapon)
 f - a +0 short sword
 g - a +0 dagger
 m - a +0 whip
 p - a +0 dagger
 r - a +0 dagger
 v - a +0 club
 w - a +0 dagger
 y - a +0 dagger
 z - a +0 short sword
 C - a +0 mace
 E - a +0 dagger
 F - a +0 dagger
 I - a +0 trident
 K - a +0 club
 L - a +0 short sword
 M - a +0 whip
 N - a +0 whip
 O - a +0 whip
Missiles
 j - 47 stones (quivered)
 o - 3 poisoned darts
 x - 20 sling bullets
 B - 25 arrows
Armour
 b - a +0 animal skin
 i - a +0 robe
 k - a +0 scale mail (worn)
 l - a +0 robe
 n - a +0 ring mail
 s - a +0 helmet
 t - a +0 leather armour
 u - a +0 robe
 D - a +0 robe
 G - a +0 leather armour
 J - a +0 leather armour
Scrolls
 c - 3 scrolls of enchant armour {unknown}
 d - a scroll of amnesia {unknown}
 h - 3 scrolls of identify {unknown}
 q - 2 scrolls of teleportation {unknown}
Potions
 e - a potion of might {unknown}
 H - a potion of flight {unknown}


   Skills:
 + Level 4.3 Fighting
 + Level 4.7 Long Blades
 + Level 2.9 Armour
 + Level 2.6 Dodging


You had 2 spell levels left.
You didn't know any spells.
Your spell library was empty.

Dungeon Overview and Level Annotations

Branches:
Dungeon (2/15)

Altars:


Innate Abilities, Weirdness & Mutations

You have a pair of horns on your head.
You reflexively headbutt those who attack you in melee.


Message History

You see here a +0 whip.
N - a +0 whip An endoplasm comes into view.
You now have 69 gold pieces (gained 15).
There are no items here.
You see here a +0 whip.
O - a +0 whip The endoplasm quivers. 2 gnolls come into view.
The gnoll shouts! x2
The gnoll moves out of view.
You hit the endoplasm.
The endoplasm is heavily wounded.
The endoplasm barely misses you. You furiously retaliate!
You headbutt the endoplasm!
You kill the endoplasm!
Trog accepts your kill.
A gnoll comes into view. It is wielding a +0 club.
The gnoll shouts!
The gnoll moves out of view.
Found a scroll labelled ZITIFFUFIG.
A rat comes into view.
The gnoll misses you. The gnoll barely misses you.
You closely miss the gnoll. The gnoll barely misses you.
You furiously retaliate!
You headbutt the gnoll, but do no damage.
The gnoll hits you from afar with a +0 halberd!
You barely miss the gnoll. The gnoll barely misses you.
You furiously retaliate!
You headbutt the gnoll, but do no damage.
The gnoll hits you from afar with a +0 halberd!
* * * LOW HITPOINT WARNING * * *
It was a potion of degeneration.
There was something very wrong with that liquid.
You feel weakened.
You feel dopey.
You feel clumsy. The gnoll barely misses you.
The gnoll hits you but does no damage. The gnoll barely misses you.
The gnoll closely misses you. The gnoll closely misses you.
The gnoll hits you with a +0 halberd!
You die...

#.............#...#
#.##....####....#
#.##.##.# #.##.....
#. #.####.######>.
#. #.#.......#
..#.......#
###.......#
#.......# #
#.r@....#
##.#.ggg...#
#..........#
#..####.#### .....
#.# ?.... ... #.#
.#.## # #.#.# . ..#


You could see 3 gnolls and a rat.

Vanquished Creatures
  An adder (D:2)
  5 ball pythons
  5 bats
  5 endoplasms
  3 giant cockroaches
  4 goblins
  3 hobgoblins (D:1)
  A jackal (D:2)
  2 quokkas (D:1)
  A ball python skeleton (D:2)
  9 kobolds
  4 rats
43 creatures vanquished.

Notes
Turn   | Place    | Note
-------+----------+-------------------------------------------
     0 | D:1      | blargh the Minotaur Berserker began the quest for the Orb.
     0 | D:1      | Reached XP level 1. HP: 19/19 MP: 0/0
   239 | D:1      | Reached XP level 2. HP: 27/27 MP: 1/1
   371 | D:1      | Found a faded altar of an unknown god.
   767 | D:2      | Reached ** piety under Trog
   793 | D:2      | Reached XP level 3. HP: 31/33 MP: 2/2
  1086 | D:2      | Slain by a gnoll

Illustrated notes

Levels and vault maps discovered:
D:1:      lightli_molten_gateway, layout_basic, basic_ecumenical_altar
D:2:      layout_loops_cross, basic_altar, minmay_pentomino_pile

Skill      XL: |  1  2 |
---------------+-------+-----
Fighting       | 4 |  4.3
Long Blades    | 4 |  4.7
Armour         | |  2.9
Dodging        | |  2.6

Action                   || total
-------------------------++-------
Melee: Falchion          ||    80
       Headbutt          ||    10
       Punch             ||     1
Throw: Stone             ||     1
  Use: Potion            ||     1
Armor: Animal skin       ||     5
       Scale mail        ||    38
       Robe              ||     1
Dodge: Dodged            ||    69
